 Dungeon Crawl Stone Soup version 0.17.1-2-g5865329 (webtiles) character file.

6121 Plaguel the Cleaver (level 10, -10/84 HPs)
             Began as a Minotaur Fighter on Jan 25, 2016.
             Was a High Priest of Okawaru.
             Killed from afar by Harold (24 damage)
             ... with a bolt of fire
             ... on level 10 of the Dungeon.
             The game lasted 01:27:19 (9584 turns).

Plaguel the Cleaver (Minotaur Fighter)              Turns: 9584, Time: 01:27:19

Health: -10/84     AC: 15    Str: 22    XL:     10   Next: 59%
Magic:  9/9        EV:  9    Int:  5    God:    Okawaru [*****.]
Gold:   237        SH: 12    Dex: 12    Spells: 0 memorised, 9 levels left

rFire  . . .     SeeInvis .     a - +0 war axe
rCold  . . .     Clarity  .     S - +3 chain mail
rNeg   . . .     SustAt   .     c - +0 shield
rPois  .         Gourm    .     (helmet restricted)
rElec  .         Spirit   .     (no cloak)
rCorr  .         Warding  .     j - +0 pair of gloves
rMut   .         Stasis   .     (no boots)
MR     .....                    (no amulet)
Stlth  ..........               (no ring)
                                (no ring)

@: not resistant to hostile enchantments, extremely unstealthy
A: retaliatory headbutt, horns 2
a: Heroism, Finesse, Renounce Religion


You were on level 10 of the Dungeon.
You worshipped Okawaru.
Okawaru was extremely pleased with you.
You were hungry.

You visited 2 branches of the dungeon, and saw 11 of its levels.

You collected 537 gold pieces.
You spent 300 gold pieces at shops.

Inventory:

Hand Weapons
 a - a +0 war axe (weapon)
 b - a +0 shortbow
 g - a +0 dagger
 m - a +6 hunting sling
 o - a +0 broad axe
 J - a +0 shortbow
 K - a +2 hunting sling of evasion
Missiles
 h - 20 arrows of dispersal
 n - 181 stones
 w - 117 arrows
 x - 4 javelins
 A - 2 throwing nets
 I - 18 arrows of frost
 O - 3 poisoned tomahawks (quivered)
Armour
 c - a +0 shield (worn)
 j - a +0 pair of gloves (worn)
 q - a +0 leather armour of magic resistance
 S - a +3 chain mail (worn)
Jewellery
 i - an uncursed ring of fire
 N - an uncursed ring of stealth {unknown}
 P - the ring of the Burgomaster {+Fly rElec rF- rN+ Dex+5, unknown}
   (You found it on level 9 of the Dungeon)

   [ring of dexterity]

   It affects your dexterity (+5).
   It makes you vulnerable to fire.
   It insulates you from electricity.
   It protects you from negative energy.
   It lets you fly.
 V - a cursed ring of loudness {unknown}
Wands
 L - a wand of enslavement (3)
 R - a wand of lightning (3)
 U - a wand of confusion (15)
 W - a wand of slowing (16)
Scrolls
 r - 2 scrolls of identify
 s - a scroll of remove curse
 y - 2 scrolls of magic mapping
 B - a scroll of fog
 C - a scroll of fear
Potions
 d - 6 potions of might
 k - a potion of flight {unknown}
 l - 3 potions of heal wounds
 p - a potion of berserk rage {unknown}
 v - a potion of lignification {unknown}
 z - a potion of resistance
 D - 3 potions of mutation {unknown}
 E - 5 potions of curing
 F - a potion of agility
 G - a potion of poison
 H - a potion of degeneration {unknown}
Books
 Q - a book of the Tempests

   Spells                             Type                      Level
   a - Static Discharge               Conjuration/Air              3
   b - Lightning Bolt                 Conjuration/Air              5
   c - Fireball                       Conjuration/Fire             5
   d - Tornado                        Air                          9
   e - Shatter                        Earth                        9
Comestibles
 e - 5 bread rations
 f - 4 meat rations
 t - 3 beef jerkies
 u - 2 slices of pizza
 M - 3 chunks of flesh
 T - 8 fruits


   Skills:
 - Level 6.6 Fighting
 * Level 11.0 Axes
 + Level 1.1 Throwing
 + Level 9.5 Armour
 + Level 5.7 Dodging
 + Level 1.5 Stealth
 + Level 10.2 Shields
 + Level 1.0 Unarmed Combat
 + Level 0.5 Evocations


You had 9 spell levels left.
You didn't know any spells.

Dungeon Overview and Level Annotations

Branches:
Dungeon (10/15)            Temple (1/1) D:4             Orc (0/4) D:9
   Lair: D:8-11

Altars:
Ashenzari
Cheibriados
Dithmenos
Elyvilon
Fedhas
Gozag
Makhleb
Nemelex Xobeh
Okawaru
Qazlal
Sif Muna
Trog
Vehumet
Xom
Yredelemnul
Zin
The Shining One

Shops:
D:10 *

Annotations:
D:5 exclusion: oklob plant
D:10 Harold


Innate Abilities, Weirdness & Mutations

You reflexively headbutt those who attack you in melee.
You have a pair of horns on your head.


Message History

Things that are here:
a giant club; a hill giant corpse You are feeling hungry.
Harold the Weathered comes into view.
He is wielding a halberd.
Harold shouts!
Harold throws a throwing net.
The throwing net closely misses you.
Found 18 gold pieces.
You see here a throwing net.
Harold throws a throwing net.
The throwing net hits you.
You become entangled in the net!
You see here a throwing net.
You slice into the net. You slice the net and break free!
Harold gestures at you while chanting. The bolt of fire hits you!
* * * LOW HITPOINT WARNING * * *
A shadow imp comes into view.
Harold casts a spell at you. The bolt of fire hits you!
You die...

############.#
...........#<###
##########.....#####.#
##########.###.......#
#........#.# #)#######
#.######.#.###.#
.∩..####.......#
#.#.....##..###########5
#.##.##......(..@.@.$...
#.# .#####..############
#.##.# #..#
#....#####..#
#...........#
#..........##
#.########## ..# ###


You could see Harold and a shadow imp.

Vanquished Creatures
  A centaur warrior (D:8)
  Erica (D:10)
  Nergalle (D:10)
  A hill giant (D:10)
  A trapdoor spider zombie (D:10)
  3 hippogriffs
  An orc warrior (D:9)
  An ogre (D:4)
  An ice beast (D:9)
  5 centaurs
  3 giant frogs
  2 crocodiles
  3 scorpions
  An electric eel (D:6)
  6 crimson imps
  7 wights
  A giant frog zombie (D:5)
  A gnoll shaman (D:8)
  6 hounds
  A jelly (D:6)
  3 giant frog skeletons
  2 centaur skeletons
  5 orc priests
  4 orc wizards
  9 worker ants
  2 iguanas
  A hound skeleton (D:7)
  10 gnolls
  12 adders
  2 river rats (D:2)
  2 shadow imps
  2 oozes (D:3)
  2 adder skeletons
  An adder zombie (D:5)
  7 giant geckos
  21 orcs
  11 bats
  4 giant cockroaches
  8 hobgoblins
  A giant gecko skeleton (D:6)
  3 giant newts
  7 goblins
  14 jackals
  A jackal zombie (D:6)
  7 kobolds
  3 quokkas
  A quokka zombie (D:5)
  6 rats
  5 fungi (D:5)
  16 plants
219 creatures vanquished.

Vanquished Creatures (others)
  2 fungi (D:5)
  A plant (D:2)
  16 toadstools (D:5)
19 creatures vanquished.

Grand Total: 238 creatures vanquished

Notes
Turn   | Place    | Note
--------------------------------------------------------------
     0 | D:1      | Plaguel the Minotaur Fighter began the quest for the Orb.
     0 | D:1      | Reached XP level 1. HP: 19/19 MP: 0/0
    13 | D:1      | Noticed a black bear
    13 | D:1      | Noticed a black mamba
    13 | D:1      | Noticed a redback
    22 | D:1      | Noticed a hog
    22 | D:1      | Noticed a fire drake
    79 | D:1      | Reached skill level 4 in Fighting
   151 | D:1      | Reached XP level 2. HP: 27/27 MP: 1/1
   477 | D:2      | Reached XP level 3. HP: 33/33 MP: 2/2
   637 | D:2      | Found a bloodstained altar of Trog.
   997 | D:2      | Reached XP level 4. HP: 37/41 MP: 3/3
  1583 | D:3      | Found a faded altar to an unknown god.
  1802 | D:3      | Reached skill level 1 in Dodging
  1802 | D:3      | Reached XP level 5. HP: 40/47 MP: 4/4
  2008 | D:4      | Reached skill level 5 in Armour
  2144 | D:4      | Found an iron altar of Okawaru.
  2167 | D:4      | Became a worshipper of Warmaster Okawaru
  2564 | D:4      | Reached XP level 6. HP: 41/53 MP: 5/5
  2690 | D:4      | Noticed an ogre
  2718 | D:4      | Killed an ogre
  2718 | D:4      | Reached skill level 5 in Shields
  2883 | D:4      | Found a staircase to the Ecumenical Temple.
  2930 | Temple   | Entered the Ecumenical Temple
  3174 | D:5      | Entered Level 5 of the Dungeon
  3233 | D:5      | Reached skill level 5 in Axes
  3419 | D:5      | Reached * piety under Okawaru
  3419 | D:5      | Reached XP level 7. HP: 56/60 MP: 6/6
  3574 | D:5      | Reached skill level 5 in Fighting
  3574 | D:5      | Reached skill level 6 in Armour
  4226 | D:5      | Found a blossoming altar of Fedhas.
  4252 | D:5      | Noticed an oklob plant
  4529 | D:6      | Reached skill level 1 in Throwing
  4906 | D:6      | Reached skill level 1 in Unarmed Combat
  4940 | D:6      | Reached XP level 8. HP: 56/69 MP: 7/7
  5021 | D:6      | Reached ** piety under Okawaru
  5059 | D:6      | Reached skill level 1 in Stealth
  5376 | D:6      | Reached skill level 7 in Armour
  5926 | D:7      | Reached *** piety under Okawaru
  6121 | D:7      | Found a deep blue altar of Sif Muna.
  6368 | D:8      | Reached XP level 9. HP: 76/78 MP: 8/8
  6552 | D:8      | Reached skill level 8 in Shields
  6874 | D:8      | Found a blossoming altar of Fedhas.
  7135 | D:8      | Noticed a centaur warrior
  7156 | D:8      | Killed a centaur warrior
  7156 | D:8      | Reached skill level 9 in Shields
  8010 | D:9      | Got a heavily runed iron ring
  8255 | D:9      | Found a radiant altar of Vehumet.
  8630 | D:9      | Found a staircase to the Orcish Mines.
  8727 | D:9      | Reached XP level 10. HP: 29/84 MP: 9/9
  8990 | D:9      | Reached skill level 5 in Dodging
  9092 | D:10     | Entered Level 10 of the Dungeon
  9093 | D:10     | Noticed Erica
  9099 | D:10     | Reached **** piety under Okawaru
  9111 | D:10     | Killed Erica
  9111 | D:10     | Reached skill level 10 in Axes
  9411 | D:10     | Noticed Nergalle
  9470 | D:10     | Killed Nergalle
  9470 | D:10     | Reached ***** piety under Okawaru
  9470 | D:10     | Reached skill level 10 in Shields
  9498 | D:10     | Found Qarien's Assorted Antiques.
  9522 | D:10     | Bought a small bone ring for 150 gold pieces
  9522 | D:10     | Bought a forked gold wand for 120 gold pieces
  9522 | D:10     | Bought a scroll labeled HOF KIMEFRUSIPN for 30 gold pieces
  9544 | D:10     | Noticed a hill giant
  9552 | D:10     | Killed a hill giant
  9552 | D:10     | Reached skill level 11 in Axes
  9579 | D:10     | Noticed Harold
  9584 | D:10     | Killed from afar by Harold

Action                   |  1- 3 |  4- 6 |  7- 9 | 10-12 || total
-------------------------+-------+-------+-------+-------++-------
Melee: War axe           |   205 |   159 |   318 |    88 ||   770
       Broad axe         |       |       |    88 |       ||    88
       Unarmed           |       |       |    36 |       ||    36
Throw: Stone             |       |    18 |       |       ||    18
       Tomahawk          |       |       |     8 |       ||     8
Evoke: Wand              |       |       |     2 |       ||     2
  Use: Scroll            |     6 |    11 |     9 |     1 ||    27
       Potion            |     1 |     1 |     1 |       ||     3
  Eat: Chunk             |     1 |     3 |     9 |     2 ||    15
       Royal jelly       |       |     1 |       |       ||     1
       Fruit             |       |     1 |       |       ||     1
       Meat ration       |       |     1 |       |       ||     1
       Pizza             |       |       |     1 |       ||     1
       Bread ration      |       |       |     1 |       ||     1
